 Dungeon Crawl Stone Soup version 0.24-a0-520-g8fd06ad0bc (webtiles) character file.

Game seed: 17928507883991896817

102 myga the Ducker (level 4, -6/23 HPs)
             Began as a Spriggan Warper on July 26, 2019.
             Killed from afar by Natasha (9 damage)
             ... with a magic dart
             ... on level 2 of the Dungeon.
             The game lasted 00:06:49 (1637 turns).

myga the Ducker (Spriggan Warper)                   Turns: 1637, Time: 00:06:50

Health: -6/23      AC:  2    Str:  7    XL:     4   Next: 50%
Magic:  8/9        EV: 26    Int: 15    God:
Gold:   23         SH:  0    Dex: 15    Spells: 2/9 levels left

rFire    . . .     SeeInvis +   j - +2 dagger (vamp)
rCold    . . .     Gourm    .   (shield restricted)
rNeg     . . .     Faith    .   b - +0 robe
rPois    .         Spirit   .   (helmet restricted)
rElec    .         Reflect  .   (no cloak)
rCorr    .         Harm     .   (gloves unavailable)
MR       .....                  (boots unavailable)
Stlth    ++........             (no amulet)
HPRegen  0.07/turn              n - +6 ring of evasion
MPRegen  0.11/turn              (no ring)

@: very quick
A: very small, unfitting armour, see invisible, herbivore, speed 3, slow
metabolism 2
a: no special abilities


You were on level 2 of the Dungeon.
You were not hungry.

You visited 1 branch of the dungeon, and saw 2 of its levels.

You collected 23 gold pieces.

Inventory:

Hand Weapons
 j - a +2 vampiric dagger (weapon)
Missiles
 e - 4 boomerangs of dispersal
 g - 46 arrows
 m - 41 stones (quivered)
Armour
 b - a +0 robe (worn)
Jewellery
 n - a +6 ring of evasion (left hand)
Scrolls
 c - 4 scrolls of remove curse
 d - a scroll of blinking
 h - 5 scrolls of teleportation {unknown}
 i - a scroll of magic mapping {unknown}
 l - a scroll of amnesia {unknown}
 o - 2 scrolls of identify {unknown}
Potions
 a - a potion of curing {unknown}
 k - 2 potions of heal wounds {unknown}
 p - a potion of agility {unknown}
 q - a potion of berserk rage {unknown}
Comestibles
 f - 4 rations


   Skills:
 + Level 1.8 Fighting
 + Level 3.5 Short Blades
 + Level 1.0 Throwing
 + Level 5.1 Dodging
 + Level 1.2 Stealth
 + Level 3.2 Spellcasting
 + Level 0.4 Charms
 + Level 4.6 Translocations


You had 2 spell levels left.
You knew the following spells:

 Your Spells              Type           Power        Failure   Level  Hunger
a - Blink                 Tloc           N/A          4%          2    ##.....
b - Shroud of Golubria    Chrm/Tloc      ##....       11%         2    ##.....
c - Teleport Other        Tloc           ###.....     9%          3    ###....

Your spell library contained the following spells:

 Spells                   Type           Power        Failure   Level  Hunger
 Gell's Gravitas          Tloc           ###.......   9%          3    ###....
 Lesser Beckoning         Tloc           ###.......   9%          3    ###....
 Passage of Golubria      Tloc           N/A          28%         4    #####..


Dungeon Overview and Level Annotations

Branches:
Dungeon (2/15)

Altars:

Annotations:
D:2 Natasha


Innate Abilities, Weirdness & Mutations

You are very small and have problems with some larger weapons.
You are too small for most types of armour.
You have supernaturally acute eyesight. (SInv)
You are a herbivore.
You cover ground extremely quickly.
You need to consume almost no food.


Message History

You hit Natasha.
You feel better.
Natasha is almost dead.
You closely miss Natasha.
Natasha is almost dead.
Natasha misses you.
You hit Natasha.
You feel better.
Natasha is almost dead.
Natasha stares at you and mumbles some strange words.
The magic dart hits you.
* * * LOW HITPOINT WARNING * * *
Okay, then.
You hit Natasha but do no damage.
Natasha is almost dead.
Your shroud bends Natasha's attack away.
You hit Natasha but do no damage.
Natasha is almost dead.
Your shroud unravels.
Natasha casts a spell at you. The magic dart hits you!
You die...

#####.# #.#..###....#
#.# #.##.# #....#
#.####.##.# #....#
#.#....##.###....#
#......##..##....#####
###....###.###.......#
#....# #..##.......#
#....# ##.##.......#
######
#.@##.#############
###h##.#######....[.
#...................
#.##.#......#.......
####.##.#......†.....##
#....##....##..#.#...#
#
#.######...##..#.#...#
# #.#
####...##..#.##### #
#########.#
#....>###....#


You could see Natasha.

Vanquished Creatures
  Natasha (twice) (D:2)
  An adder (D:2)
  2 worms (D:2)
  2 dart slugs (D:1)
  A giant cockroach (D:1)
  7 goblins
  3 hobgoblins
  2 jackals (D:2)
  3 bats
  3 frilled lizards
  8 kobolds (D:1)
  4 rats
38 creatures vanquished.

Notes
Turn   | Place    | Note
-------+----------+-------------------------------------------
     0 | D:1      | myga the Spriggan Warper began the quest for the Orb.
     0 | D:1      | Reached XP level 1. HP: 10/10 MP: 5/5
   204 | D:1      | Reached skill level 4 in Dodging
   278 | D:1      | Reached XP level 2. HP: 13/15 MP: 6/6
   369 | D:1      | Learned a level 2 spell: Blink
   372 | D:1      | Learned a level 2 spell: Shroud of Golubria
  1075 | D:2      | Reached XP level 3. HP: 18/18 MP: 8/8
  1084 | D:2      | Learned a level 3 spell: Teleport Other
  1181 | D:2      | Noticed Natasha
  1192 | D:2      | Killed Natasha
  1192 | D:2      | Reached skill level 1 in Stealth
  1251 | D:2      | Noticed Natasha
  1261 | D:2      | Reached XP level 4. HP: 23/23 MP: 6/9
  1290 | D:2      | Killed Natasha
  1290 | D:2      | Reached skill level 5 in Dodging
  1613 | D:2      | Noticed Natasha
  1637 | D:2      | Killed from afar by Natasha

Levels and vault maps discovered:
D:1:      mrwooster_arrival_arrow, layout_loops_cross
D:2:      layout_basic, uniq_natasha

Skill      XL: |  1  2  3  4 |
---------------+-------------+-----
Dodging        | 4 5 |  5.1
Spellcasting   | 3 |  3.2
Short Blades   | 3 |  3.5
Stealth        | 1 |  1.2
Fighting       | |  1.8
Throwing       | |  1.0
Charms         | |  0.4
Translocations | |  4.6

Action                   |  1- 3 |  4- 6 || total
-------------------------+-------+-------++-------
Melee: Short sword       |    23 |       ||    23
       Dagger            |   138 |    66 ||   204
Throw: Stone             |     1 |     1 ||     2
       Boomerang         |     1 |       ||     1
 Cast: Shroud of Golubri |     6 |     3 ||     9
       Blink             |     1 |       ||     1
  Use: Scroll            |     1 |       ||     1
 Stab: Sleeping          |     3 |     1 ||     4
Armor: Robe              |    11 |     1 ||    12
Dodge: Dodged            |   109 |    45 ||   154

Table legend:
 A = Non-vault XP
 B = Vault XP
 C = Vault XP percentage of total XP
 D = Non-vault monster count
 E = Vault monster count
 F = Vault count percentage of total count
                 A         B        C        D         E       F
            +---------+---------+-------+---------+---------+-------
      Total |     115 |      32 |  21.8 |      37 |       1 |   2.6
            +---------+---------+-------+---------+---------+-------
        D:1 |      38 |       0 |   0.0 |      22 |       0 |   0.0
        D:2 |      77 |      32 |  29.4 |      15 |       1 |   6.2
            +---------+---------+-------+---------+---------+-------
